 Dungeon Crawl Stone Soup version 0.22-a0-433-gd2a9cce (webtiles) character file.

89254 Gorglomux the Warrior (level 15, -13/144 HPs)
             Began as a Minotaur Abyssal Knight on May 27, 2018.
             Was an Elder of Makhleb.
             Killed by divine providence
             ... invoked by an orc high priest
              (15 damage)
             ... on level 2 of the Orcish Mines.
             The game lasted 00:27:01 (26763 turns).

Gorglomux the Warrior (Minotaur Abyssal Knight)    Turns: 26763, Time: 00:27:02

Health: -13/144    AC: 29    Str: 21    XL:     15   Next: 48%
Magic:  22/22      EV: 13    Int:  9    God:    Makhleb [****..]
Gold:   1264       SH:  6    Dex: 12    Spells: 14/14 levels left

rFire    . . .     SeeInvis .   C - +5 broad axe (chop)
rCold    . . .     Gourm    .   N - +0 buckler {AC+3}
rNeg     . . .     Faith    .   f - +0 plate armour
rPois    .         Spirit   .   t - +2 hat
rElec    .         Reflect  .   G - +2 cloak
rCorr    .         Harm     .   (no gloves)
MR       +....                  j - +2 pair of boots
Stlth    ..........             (no amulet)
HPRegen  0.34/turn              F - ring of Phasing {EV+8}
MPRegen  0.18/turn              w - -2 ring of evasion (curse)

@: about to teleport, drained
A: retaliatory headbutt, horns 2
a: Minor Destruction, Lesser Servant of Makhleb, Major Destruction, Renounce
Religion


You were on level 2 of the Orcish Mines.
You worshipped Makhleb.
Makhleb was greatly pleased with you.
You were hungry.

You visited 4 branches of the dungeon, and saw 24 of its levels.
You visited the Abyss 1 time.

You collected 2031 gold pieces.
You spent 767 gold pieces at shops.

Inventory:

Hand Weapons
 p - a +1 scimitar of flaming
 C - a +5 broad axe of chopping (weapon)
Missiles
 Z - 2 throwing nets (quivered)
Armour
 f - a +0 plate armour (worn)
 j - a +2 pair of boots (worn)
 t - a +2 hat (worn)
 G - a +2 cloak (worn)
 N - a +0 buckler of protection (worn)
Jewellery
 l - an uncursed amulet of the gourmand
 w - a cursed -2 ring of evasion (right hand)
 F - the ring of Phasing (left hand) {EV+8}
   (You found it on level 6 of the Dungeon)

   [ring of evasion]

   It affects your evasion (+8).
Wands
 A - a wand of acid (6)
 D - a wand of digging (1)
 I - a wand of iceblast (8)
 O - a wand of clouds (6)
 P - a wand of paralysis (8)
Scrolls
 g - 10 scrolls of remove curse
 o - 3 scrolls of fear
 u - a scroll of fog
 y - 2 scrolls of amnesia
 z - a scroll of silence
 B - 2 scrolls of blinking
 H - 4 scrolls of immolation
 L - 5 scrolls of enchant armour
 M - 3 scrolls of magic mapping
 R - 7 scrolls of identify
 T - 8 scrolls of teleportation
Potions
 m - 3 potions of might
 q - 2 potions of ambrosia
 r - 2 potions of brilliance
 s - 2 potions of cancellation
 v - a potion of berserk rage
 E - 2 potions of resistance
 J - 5 potions of mutation {!q}
 K - 3 potions of magic
 Q - 6 potions of curing
 S - 3 potions of flight
 U - a potion of heal wounds
 W - 2 potions of invisibility
 Y - 6 potions of haste
Miscellaneous
 V - a phantom mirror
 X - a phial of floods
Comestibles
 c - 40 rations


   Skills:
 + Level 16.2(15.1) Fighting
 + Level 16.1(14.9) Axes
 + Level 16.0(14.9) Armour
 - Level 1.1(0.3) Dodging
 + Level 11.8(10.8) Shields
 - Level 10.7(9.6) Invocations


You had 14 spell levels left.
You didn't know any spells.
Your spell library contained the following spells:

 Spells                   Type           Power        Failure   Level  Hunger
 Magic Dart               Conj           #...         99%         1    ##.....
 Apportation              Tloc           #.....       99%         1    ##.....
 Conjure Flame            Conj/Fire      #.......     100%        3    ####...
 Slow                     Hex            #.......     99%         2    ###....
 Throw Frost              Conj/Ice       #.....       99%         2    ###....
 Mephitic Cloud           Conj/Pois/Air  #.......     100%        3    ####...
 Summon Small Mammal      Summ           #...         99%         1    ##.....
 Blink                    Tloc           N/A          99%         2    ###....
 Animate Skeleton         Necr           N/A          99%         1    ##.....
 Freeze                   Ice            #...         99%         1    ##.....
 Summon Ice Beast         Ice/Summ       #.......     100%        4    #####..
 Ozocubu's Armour         Chrm/Ice       #.......     100%        3    ####...
 Call Imp                 Summ           #.......     99%         2    ###....
 Throw Icicle             Conj/Ice       #.......     100%        4    #####..
 Confusing Touch          Hex            #.....       99%         1    ##.....


Dungeon Overview and Level Annotations

Branches:
Dungeon (15/15)            Temple (1/1) D:7            Lair (6/6) D:8
  Swamp (0/4) Lair:2       Spider (0/4) Lair:2        Slime (0/5) Lair:6
    Orc (2/2) D:11            Elf (0/3) Orc:2        Vaults (0/5) D:14
 Depths (0/5) D:15

Altars:
Ashenzari
Cheibriados
Dithmenos
Elyvilon
Fedhas
Gozag
Hepliaklqana
Kikubaaqudgha
Makhleb
Nemelex Xobeh
Okawaru
Qazlal
Ru
Sif Muna
Trog
Uskayaw
Vehumet
Wu Jian
Xom
Yredelemnul
Zin
The Shining One

Shops:
D:6 %   D:11 :   D:12 !   D:13 :}

Portals:
Trove: D:11 (give horn of Geryon)

Annotations:
Lair:2 exclusion: oklob plant
Lair:4 corrupted
Orc:2 Saint Roka
Abyss:1 Gastronok


Innate Abilities, Weirdness & Mutations

You reflexively headbutt those who attack you in melee.
You have a pair of horns on your head.


Message History

The sixfirhy shocks you!!! * * * don't die
* * * The sixfirhy closely misses you!
You furiously retaliate!!!
You headbutt the sixfirhy!!!
As you read the scroll of teleportation, it crumbles to dust!
You feel strangely unstable!
Unknown command!
Unknown command!
The orc knight roars a battlecry!!!
You block the butt's attack!
Unknown command!
The sixfirhy hits you!!! * * * don't die
* * * The sixfirhy shocks you!!! * * * don't die
* * * The sixfirhy hits you but does no damage!
You butt the sixfirhy's attack!
The orc high priest invokes the aid of Beogh butt you!
Beogh smites you!!! rip

.....#....#####
##....#
#.(...#....#
#.....#
.>(........##
########....#
..(..##.#...#
#...3.o.oo4.#
..#...###...#
####.####o..#
.##...# ##.##
##o####....##
.##...# ###
##.## #..o...#
..#...# ##3##
#..o#o.##
.#...## #@##
#......oo8.4
..#.### #.##
##.....oo...
......## #.#
#..##...o..
.......# ##
#... ##.....
.......# ##..
..8.. ....#.##
.. #####
.......## ##
........##.##
............#


You could see an orc knight, an orc high priest, a sixfirhy and a smoke demon.

Vanquished Creatures
  5 tentacled starspawn
  A fire giant (D:15)
  An ettin (Orc:1)
  A vault guard (D:15)
  3 hydras
  5 centaur warriors
  The ghost of Gorglomux the Fighter, a novice MiAK of Lugonu (D:8)
  Erica (Lair:1)
  5 tengu warriors
  7 two-headed ogres
  A deep troll shaman (Lair:6)
  12 death yaks
  2 thrashing horrors
  Urug (Lair:2)
  The ghost of Tovarisch the Fighter, a novice DEWz of Vehumet (Lair:2)
  A wizard (D:14)
  3 unseen horrors
  A wolf spider zombie (D:14)
  2 orc knights
  A deep elf mage (D:13)
  A necromancer (D:14)
  A cyclops (D:13)
  2 ugly things
  An orc sorcerer (Orc:2)
  2 manticores
  13 elephants
  4 centaur zombies
  3 gargoyles
  7 spiny frogs
  A kobold demonologist (D:13)
  9 komodo dragons
  3 ancient zymes
  3 efreet
  2 tengu conjurers (D:15)
  3 jumping spiders
  9 trolls
  A queen bee (Lair:1)
  2 hornets (D:15)
  4 slime creatures
  13 hippogriffs
  A blink frog (Lair:4)
  A meliai zombie (D:13)
  A spriggan (Lair:4)
  A vampire (D:13)
  2 wyverns
  3 redbacks
  4 shadows
  7 basilisks
  Grum (D:8)
  37 yaks
  3 hungry ghosts
  7 vampire mosquitoes
  21 humans (D:14)
  2 wargs
  A steam dragon (D:10)
  7 large abominations
  2 acid dragons
  2 soldier ants (D:11)
  13 water moccasins
  3 small abominations
  35 orc warriors
  4 porcupines
  2 black bears
  2 eyes of draining
  4 sky beasts
  2 necrophages
  3 ice beasts
  A phantom (D:5)
  13 centaurs
  8 ogres
  4 boggarts (D:14)
  10 wolves
  13 crocodiles
  15 bullfrogs
  3 big kobolds
  4 wyvern zombies
  4 scorpions
  68 killer bees
  5 wights (D:6)
  4 howler monkeys
  2 bullfrog zombies
  12 crimson imps
  2 quasits
  8 centaur skeletons
  16 orc priests
  5 hounds
  8 jellies
  3 bullfrog skeletons
  9 worker ants
  4 iguanas
  25 orc wizards
  2 hound skeletons
  A worker ant zombie (D:11)
  Robin (D:4)
  11 gnolls
  A howler monkey skeleton (D:8)
  13 adders
  4 shadow imps
  2 oozes
  2 adder zombies
  An adder skeleton (D:6)
  2 worms (D:3)
  6 leopard geckos
  132 orcs
  6 bats
  5 giant cockroaches
  16 goblins
  4 hobgoblins
  9 jackals
  13 kobolds
  6 quokkas
  4 ball pythons
  2 frilled lizards
  A leopard gecko skeleton (D:8)
  A quokka skeleton (D:10)
  A quokka zombie (D:7)
  5 rats
  5 fungi
  A starspawn tentacle (Orc:1)
813 creatures vanquished.

Vanquished Creatures (others)
  The ghost of KlownO the Basher, a journeyman GrEE of Vehumet (Lair:6)
  4 hydras
  A catoblepas (Lair:6)
  4 death yaks (Lair:4)
  An unseen horror (D:13)
  A swamp dragon (Lair:2)
  A cyclops (D:11)
  3 spiny frogs
  A rime drake (Lair:4)
  2 komodo dragons
  2 polar bears (Lair:4)
  5 blink frogs (Lair:4)
  A hippogriff (Lair:4)
  A yak (Lair:5)
  3 basilisks (Lair:4)
  2 water moccasins
  A sky beast (D:11)
  A crocodile (Lair:1)
  An orc priest (D:11)
  A quokka (D:4)
  A bush (Lair:4)
  6 fungi
  5 plants
  10 starspawn tentacles
59 creatures vanquished.

Grand Total: 872 creatures vanquished

Notes
Turn   | Place    | Note
-------+----------+-------------------------------------------
     0 | Abyss:1  | Gorglomux the Minotaur Abyssal Knight began the quest for the Orb.
     0 | Abyss:1  | Reached XP level 1. HP: 19/19 MP: 1/1
    79 | Abyss:1  | Noticed a ynoxinul
    80 | D:1      | Escaped the Abyss
   292 | D:1      | Reached XP level 2. HP: 27/27 MP: 2/2
   346 | D:1      | Reached * piety under Lugonu
   604 | D:2      | Reached skill level 3 in Axes
   604 | D:2      | Reached skill level 3 in Armour
   604 | D:2      | Reached XP level 3. HP: 12/33 MP: 3/3
  1188 | D:2      | Reached XP level 4. HP: 33/41 MP: 4/4
  1532 | D:3      | Reached XP level 5. HP: 29/47 MP: 6/6
  1538 | D:3      | Reached skill level 3 in Invocations
  2587 | D:4      | Found a white marble altar of Elyvilon.
  2591 | D:4      | Noticed Robin
  2596 | D:4      | Reached ** piety under Lugonu
  2604 | D:4      | Killed Robin
  2669 | D:4      | Reached XP level 6. HP: 50/56 MP: 7/7
  2669 | D:4      | Reached skill level 1 in Shields
  2961 | D:4      | Reached XP level 7. HP: 55/61 MP: 8/8
  3503 | D:5      | Entered Level 5 of the Dungeon
  3661 | D:5      | Reached skill level 6 in Fighting
  3661 | D:5      | Reached skill level 3 in Shields
  4559 | D:6      | Reached XP level 8. HP: 71/71 MP: 10/10
  4577 | D:6      | Reached *** piety under Lugonu
  4627 | D:6      | Reached skill level 6 in Axes
  4642 | D:6      | Found the ring of Phasing {EV+8}
  4649 | D:6      | Reached skill level 6 in Armour
  4781 | D:6      | Found Goyvawk's Food Emporium.
  5259 | D:7      | Reached XP level 9. HP: 62/79 MP: 12/12
  5449 | D:7      | Reached skill level 6 in Invocations
  5591 | D:7      | Found a staircase to the Ecumenical Temple.
  5797 | D:7      | Reached **** piety under Lugonu
  5987 | D:8      | Found a staircase to the Lair.
  6619 | D:8      | Noticed Gorglomux's ghost (novice MiAK)
  6641 | D:8      | Killed Gorglomux's ghost
  6641 | D:8      | Reached skill level 9 in Fighting
  6641 | D:8      | Reached XP level 10. HP: 74/91 MP: 14/14
  6655 | D:8      | Found a blossoming altar of Fedhas.
  6690 | D:8      | Noticed Grum
  6696 | D:8      | Reached skill level 9 in Axes
  6705 | D:8      | Killed Grum
  6705 | D:8      | Reached skill level 9 in Armour
  7899 | D:9      | You fall through a shaft for 2 floors!
  7905 | D:11     | Found a sacrificial altar of Ru.
  7931 | D:11     | Reached ***** piety under Lugonu
  8413 | D:11     | Found a staircase to the Orcish Mines.
  8557 | D:11     | Reached XP level 11. HP: 90/101 MP: 16/16
  8593 | D:11     | Found Beuhij's Book Shoppe.
  8946 | D:11     | Reached skill level 9 in Invocations
  8969 | D:11     | Found a portal to a secret trove of treasure.
  9000 | D:11     | Noticed a purple ugly thing
  9022 | D:11     | Killed a purple ugly thing
  9129 | D:11     | Noticed an eight-headed hydra
  9129 | D:11     | Noticed a centaur warrior
  9137 | D:11     | Banished an eight-headed hydra
  9147 | D:11     | Killed a centaur warrior
  9228 | D:11     | Noticed a two-headed ogre
  9237 | D:11     | Killed a two-headed ogre
  9828 | D:10     | Entered Level 10 of the Dungeon
 10442 | D:10     | Reached ****** piety under Lugonu
 10659 | D:10     | Noticed a two-headed ogre
 10672 | D:10     | Killed a two-headed ogre
 10727 | D:10     | Killed an unseen horror
 10727 | D:10     | Reached XP level 12. HP: 34/112 MP: 18/18
 11043 | D:10     | Noticed a two-headed ogre
 11044 | D:10     | Noticed a two-headed ogre
 11044 | D:10     | Noticed a two-headed ogre
 11046 | D:10     | Reached skill level 12 in Fighting
 11060 | D:10     | Killed a two-headed ogre
 11061 | D:10     | Killed a two-headed ogre
 11069 | D:10     | Killed a two-headed ogre
 11069 | D:10     | Reached skill level 12 in Axes
 11315 | D:10     | Reached skill level 12 in Armour
 11630 | D:12     | Noticed a seven-headed hydra
 11631 | D:12     | Banished a seven-headed hydra
 11785 | D:12     | Found Cufue's Distillery.
 11797 | D:12     | Bought a potion of cancellation for 104 gold pieces
 11797 | D:12     | Bought a potion of curing for 39 gold pieces
 11797 | D:12     | Bought a potion of curing for 39 gold pieces
 11797 | D:12     | Bought a potion of brilliance for 52 gold pieces
 11797 | D:12     | Bought a potion of curing for 39 gold pieces
 11797 | D:12     | Bought a potion of haste for 130 gold pieces
 11797 | D:12     | Bought a potion of haste for 130 gold pieces
 11797 | D:12     | Bought a potion of ambrosia for 104 gold pieces
 11797 | D:12     | Bought a potion of haste for 130 gold pieces
 12304 | Lair:1   | Entered Level 1 of the Lair of Beasts
 13243 | Lair:2   | Found a staircase to the Swamp.
 13451 | Lair:2   | Noticed Erica
 13969 | Lair:1   | Killed Erica
 14293 | Lair:2   | Noticed Tovarisch's ghost (novice DEWz)
 14319 | Lair:2   | Killed Tovarisch's ghost
 14319 | Lair:2   | Reached XP level 13. HP: 120/122 MP: 20/20
 14360 | Lair:2   | Noticed Urug
 14378 | Lair:2   | Killed Urug
 14455 | Lair:2   | Noticed Gastronok
 14468 | Lair:2   | Banished Gastronok
 14468 | Lair:2   | Reached skill level 6 in Shields
 14597 | Lair:2   | Found a hole to the Spider Nest.
 15640 | Lair:4   | Corrupted Lair:4
 15640 | Lair:4   | Noticed a starcursed mass
 18502 | Lair:6   | Entered Level 6 of the Lair of Beasts
 19115 | Lair:6   | Reached XP level 14. HP: 71/133 MP: 21/21
 19213 | Lair:6   | Noticed KlownO's ghost (journeyman GrEE)
 19234 | Lair:6   | Banished KlownO's ghost
 19670 | Lair:6   | Found a staircase to the Slime Pits.
 19765 | Lair:6   | Reached skill level 9 in Shields
 21070 | Lair:6   | Identified a scroll of acquirement
 21273 | Temple   | Entered the Ecumenical Temple
 21308 | Temple   | Fell from the grace of Lugonu
 21308 | Temple   | Became a worshipper of Makhleb the Destroyer
 21493 | D:13     | Found Vaddonoc's Gadget Shoppe.
 21493 | D:13     | Found Bugget's Book Emporium.
 21504 | D:13     | Reached skill level 15 in Fighting
 21615 | D:13     | Reached skill level 15 in Axes
 21636 | D:13     | Noticed a tentacled starspawn
 21640 | D:13     | Reached * piety under Makhleb
 21658 | D:13     | Killed a tentacled starspawn
 22044 | D:13     | Reached skill level 15 in Armour
 22934 | D:14     | Reached ** piety under Makhleb
 23019 | D:14     | Found a gate to the Vaults.
 23150 | D:14     | Reached XP level 15. HP: 110/141 MP: 22/22
 23430 | D:15     | Entered Level 15 of the Dungeon
 23627 | D:15     | Noticed a tentacled starspawn
 23634 | D:15     | Killed a tentacled starspawn
 23670 | D:15     | Reached *** piety under Makhleb
 23821 | D:15     | Noticed a fire giant
 23821 | D:15     | Found a staircase to the Depths.
 24221 | D:15     | Found a shadowy altar of Dithmenos.
 24604 | D:15     | Killed a fire giant
 24924 | Orc:1    | Entered Level 1 of the Orcish Mines
 25091 | Orc:1    | Reached **** piety under Makhleb
 25130 | Orc:1    | Noticed a tentacled starspawn
 25143 | Orc:1    | Killed a tentacled starspawn
 25219 | Orc:1    | Noticed a tentacled starspawn
 25226 | Orc:1    | Killed a tentacled starspawn
 25233 | Orc:1    | Noticed a tentacled starspawn
 25239 | Orc:1    | Killed a tentacled starspawn
 25921 | Orc:2    | Entered Level 2 of the Orcish Mines
 26050 | Orc:2    | Found a staircase to the Elven Halls.
 26245 | Orc:2    | Paralysed by an orc sorcerer for 3 turns
 26463 | Orc:2    | Noticed Saint Roka
 26763 | Orc:2    | HP: 2/144 [sixfirhy[an orc sorcerer] (10)]
 26763 | Orc:2    | Killed from afar by an orc high priest

Vault maps used:
D:1:      lemuel_arrival_cross
D:4:      elyvilon_altar_4, uniq_robin
D:5:      first_ration
D:6:      serial_shops, shop, grunt_ministairs_15
D:7:      temple_green
D:8:      dpeg_oklobed_lair, grunt_pizzeria, fedhas_altar_4, uniq_grum
D:9:      roderic_lattice_a
D:11:     hiddenorc2_lemuel, enter_trove_2, serial_shops,
          nicolae_shop_behind_doors, basic_altar, minmay_joined_circles
D:12:     serial_shops, nicolae_shop_crystal
D:13:     serial_shops, shop, shop
D:14:     grunt_vaults_entry_tiered, hangedman_decor_riveting
D:15:     grunt_enter_depths_giant_problem,
          nicolae_dithmenos_through_a_glass_darkly, lightli_fourway_metalbox
Temple:   nicolae_temple_the_god_donut
Lair:1:   special_room
Lair:2:   minmay_swamp_entry_reptiles, nicolae_spider_entry_tight_spaces,
          grunt_megastairs_2, minmay_lair_oklob_chamber, serial_bayou_shore_b,
          uniq_urug, uniq_erica, uniq_gastronok
Lair:3:   grunt_megastairs_4
Lair:4:   st_stairs_11, wad_woods_03, infiniplex_staircase_pool_2
Lair:5:   kennysheep_basilisk_garden
Lair:6:   grunt_lair_end_beastmaster, nicolae_slime_entry_slimehenge
Orc:2:    grunt_orc_cross

Skill      XL: |  1  2  3  4  5  6  7  8  9 10 11 12 13 14 15 |
---------------+----------------------------------------------+-----
Invocations    | 2 3 4 5 7 8 9 10 | 10.7
Fighting       | 4 5 6 7 9 10 11 13 14 15 16 | 16.2
Axes           | 3 4 5 7 8 10 11 13 14 15 16 | 16.1
Armour         | 3 4 5 7 8 10 11 13 14 15 16 | 16.0
Shields        | 2 3 4 5 8 10 11 | 11.8
Dodging        | |  1.1

Action                   |  1- 3 |  4- 6 |  7- 9 | 10-12 | 13-15 || total
-------------------------+-------+-------+-------+-------+-------++-------
Melee: Hand axe          |    72 |     5 |       |       |       ||    77
       Headbutt          |    13 |    13 |    73 |   162 |   333 ||   594
       War axe           |       |   105 |   441 |   873 |   624 ||  2043
       Scimitar          |       |       |       |       |    19 ||    19
       Broad axe         |       |       |       |       |   598 ||   598
Invok: Depart the Abyss  |     1 |       |       |       |       ||     1
       Banish            |       |       |       |     7 |    25 ||    32
       Bend Space        |       |       |       |       |    10 ||    10
       Corrupt           |       |       |       |       |     1 ||     1
Evoke: Wand              |       |       |       |     2 |     7 ||     9
       Phial of floods   |       |       |       |       |     1 ||     1
  Use: Scroll            |     2 |       |     6 |    10 |    16 ||    34
       Potion            |       |     2 |       |     3 |     4 ||     9
 Stab: Distracted        |       |       |       |       |     2 ||     2
       Sleeping          |       |       |       |       |     1 ||     1
  Eat: Chunk             |     1 |     5 |    13 |    25 |    32 ||    76
       Ration            |       |       |       |     2 |     4 ||     6
Armor: Plate armour      |    85 |   134 |   335 |   546 |   888 ||  1988
       Leather armour    |     3 |       |       |       |       ||     3
       Skin              |       |       |       |    61 |     5 ||    66
Dodge: Dodged            |    33 |    38 |   264 |   695 |   735 ||  1765
Block: Buckler           |       |    14 |   103 |   220 |   362 ||   699
       Rpst.: Scimitar   |       |       |       |       |     2 ||     2

Table legend:
 A = Spawn XP
 B = Non-spawn XP
 C = Spawn XP percentage of total XP
 D = Spawn monster count
 E = Non-spawn monster count
 F = Spawn count percentage of total count
 G = Total turns spent on level
                    A         B        C        D         E        F      G
               +---------+---------+-------+---------+---------+-------+---------
         Total |       0 |  127506 |   0.0 |       0 |     815 |   0.0 | 26763
               +---------+---------+-------+---------+---------+-------+---------
           D:1 |       0 |      23 |   0.0 |       0 |      12 |   0.0 |   376
           D:2 |       0 |     125 |   0.0 |       0 |      25 |   0.0 |  1014
           D:3 |       0 |     175 |   0.0 |       0 |      17 |   0.0 |  1106
           D:4 |       0 |     640 |   0.0 |       0 |      41 |   0.0 |   927
           D:5 |       0 |     402 |   0.0 |       0 |      16 |   0.0 |  1027
           D:6 |       0 |    1061 |   0.0 |       0 |      29 |   0.0 |   567
           D:7 |       0 |    1561 |   0.0 |       0 |      35 |   0.0 |   902
           D:8 |       0 |    2974 |   0.0 |       0 |      30 |   0.0 |  1408
           D:9 |       0 |    1692 |   0.0 |       0 |      39 |   0.0 |   968
          D:10 |       0 |    7108 |   0.0 |       0 |      44 |   0.0 |  1282
          D:11 |       0 |   10131 |   0.0 |       0 |     107 |   0.0 |  2036
          D:12 |       0 |    2751 |   0.0 |       0 |      21 |   0.0 |   881
          D:13 |       0 |   10782 |   0.0 |       0 |      37 |   0.0 |   972
          D:14 |       0 |   13952 |   0.0 |       0 |      56 |   0.0 |   991
          D:15 |       0 |   15467 |   0.0 |       0 |      38 |   0.0 |  1399
        Lair:1 |       0 |    7747 |   0.0 |       0 |      52 |   0.0 |  1972
        Lair:2 |       0 |    5895 |   0.0 |       0 |      15 |   0.0 |   753
        Lair:3 |       0 |    2280 |   0.0 |       0 |      13 |   0.0 |   462
        Lair:4 |       0 |    8105 |   0.0 |       0 |      31 |   0.0 |  2116
        Lair:5 |       0 |    6664 |   0.0 |       0 |      18 |   0.0 |  1973
        Lair:6 |       0 |   19685 |   0.0 |       0 |      54 |   0.0 |  1664
         Orc:1 |       0 |    4072 |   0.0 |       0 |      29 |   0.0 |   997
         Orc:2 |       0 |    4214 |   0.0 |       0 |      56 |   0.0 |   842
               +---------+---------+-------+---------+---------+-------+---------
